 Dungeon Crawl Stone Soup version 0.28.0-53-g5a82cb258f (webtiles) character file.

Game seed: 10495800680905705880

66 Ijustatesigmund the Stinger (level 4, -1/27 HPs)
             Began as an Octopode Venom Mage on July 18, 2022.
             Killed from afar by an orc wizard (12 damage)
             ... with a puff of flame
             ... on level 3 of the Dungeon.
             The game lasted 00:04:00 (2450 turns).

Ijustatesigmund the Stinger (Octopode Venom Mage)   Turns: 2450, Time: 00:04:02

Health: -1/27      AC:  1    Str:  7    XL:     4   Next: 15%
Magic:  6/7        EV: 13    Int: 19    God:
Gold:   112        SH:  0    Dex: 12    Spells: 1/7 levels left

rFire   . . .      SeeInvis .   a - +0 dagger (venom)
rCold   . . .      Faith    .   (no shield)
rNeg    . . .      Spirit   .   (helmet restricted)
rPois   .          Reflect  .   f - amulet of magic regeneration
rElec   .          Harm     .   (no ring)
rCorr   .          Rampage  .   (no ring)
Will    .....                   (no ring)
Stlth   +++.......              (no ring)
HPRegen 0.09/turn               (no ring)
MPRegen 0.50/turn               (no ring)
                                (no ring)
                                (no ring)

@: no status effects
A: almost no armour, amphibious, 8 rings, camouflage 1, gelatinous body 1,
(nimble swimmer 1), tentacles
a: no special abilities


You were on level 3 of the Dungeon.
You visited 1 branch of the dungeon, and saw 3 of its levels.

You collected 112 gold pieces.

Inventory:

Hand Weapons
 a - a +0 dagger of venom (weapon)
Armour
 c - the +2 kite shield of Xonaecku {rN+ Slay+5}
   (You found it on level 2 of the Dungeon)

   Slay:      It affects your accuracy & damage with ranged weapons and melee
   (+5).
   rN:        It protects you from negative energy.
Jewellery
 f - an amulet of magic regeneration (around mantle)
 g - a ring of willpower
Potions
 b - a potion of resistance {unknown}
 e - a potion of haste {unknown}
 h - a potion of flight {unknown}
 i - 2 potions of lignification


   Skills:
 - Level 2.0 Dodging
 - Level 2.6 Stealth
 - Level 2.0 Spellcasting
 + Level 1.2 Conjurations
 + Level 2.5 Transmutations
 + Level 1.1 Air Magic
 - Level 4.3 Poison Magic


You had one spell level left.
You knew the following spells:

 Your Spells              Type           Power      Damage    Failure   Level
a - Sting                 Tmut/Pois      56%        1d5       4%          1
b - Poisonous Vapours     Pois/Air       24%        N/A       9%          2
c - Mephitic Cloud        Conj/Pois/Air  10%        N/A       21%         3

Your spell library contained the following spells:

 Spells                   Type           Power      Damage    Failure   Level
 Animate Skeleton         Necr           2%         N/A       17%         1
 Apportation              Tloc           2%         N/A       17%         1
 Summon Small Mammal      Summ           4%         N/A       17%         1
 Olgreb's Toxic Radiance  Pois           18%        N/A       28%         4
 Dazzling Flash           Conj/Hex       8%         N/A       36%         3
 Iskenderun's Mystic Bla  Conj/Tloc      4%         2d3       78%         4
 Starburst                Conj/Fire      2%         6d3       100%        6


Dungeon Overview and Level Annotations

Branches:
Dungeon (3/15)

Altars:


Innate Abilities, Weirdness & Mutations

You cannot wear most types of armour.
You are amphibious.
You can wear up to eight rings at the same time.
Your skin changes colour to match your surroundings (Stealth+).
Your rubbery body absorbs attacks. (AC +1, EV +1)
((You are camouflaged when in or above water. (Stealth+)))
You have tentacles for arms and can constrict up to eight enemies at once.


Message History

You hit the orc but do no damage. Your grab misses the orc.
The orc is severely wounded.
The orc hits you with a +0 flail!
You barely miss the orc. You grab the orc.
The orc is heavily wounded.
You constrict the orc.
You kill the orc!
You have reached level 4!
Casting: Sting (safe; 4% risk of failure)
Confirm with . or Enter, or press ? or * to list all spells.
Aiming: Sting (safe; 4% risk of failure)
Press: ? - help, Shift-Dir - straight line, f - adder
Aim: an adder (53% to hit)
The sting hits the adder.
The adder is poisoned.
The adder is moderately wounded.
The adder closely misses you.
You closely miss the adder. Your grab misses the adder.
The adder is moderately wounded.
The adder misses you.
An orc wizard comes into view. It is wielding a +0 dagger.
The adder closely misses you.
Unknown command.
You miss the adder. Your grab misses the adder. You squeeze the adder.
You kill the adder!
Casting: Sting (safe; 4% risk of failure)
Confirm with . or Enter, or press ? or * to list all spells.
Aiming: Sting (safe; 4% risk of failure)
Press: ? - help, Shift-Dir - straight line, f - orc wizard
Aim: an orc wizard, wielding a +0 dagger and wearing a +0 robe (64% to hit)
The sting misses the orc wizard.
Casting: Sting (safe; 4% risk of failure)
Confirm with . or Enter, or press ? or * to list all spells.
Aiming: Sting (safe; 4% risk of failure)
Press: ? - help, Shift-Dir - straight line, f/p - orc wizard
Aim: an orc wizard, wielding a +0 dagger and wearing a +0 robe (64% to hit)
The sting hits the orc wizard.
The orc wizard is poisoned.
The orc wizard is lightly wounded.
The orc wizard casts a spell at you. The puff of flame hits you!
You die...

#.........<.......
#.........#####.#.
#...............
#...............
####.#+#........
#..........##
###.#.####.# #.#.#
.# #@#.# # #)#.#
#o# ...oo..o#
###.###.# ..# #.#
#.# ..#


You could see an orc wizard (poisoned) and an orc.

Vanquished Creatures
  3 adders
  An orc (D:3)
  6 ball pythons
  5 bats
  4 endoplasms
  A giant cockroach (D:1)
  4 goblins
  3 hobgoblins
  3 frilled lizards
  6 kobolds
  4 rats
40 creatures vanquished.

Notes
Turn   | Place    | Note
-------+----------+-------------------------------------------
     0 | D:1      | Ijustatesigmund the Octopode Venom Mage began the quest for
                  | the Orb.
     0 | D:1      | Reached XP level 1. HP: 11/11 MP: 3/3
    79 | D:1      | Reached skill level 4 in Poison Magic
    79 | D:1      | Reached XP level 2. HP: 15/17 MP: 5/5
    82 | D:1      | Learned a level 2 spell: Poisonous Vapours
   815 | D:1      | Found a faded altar of an unknown god.
  1069 | D:1      | Reached XP level 3. HP: 21/21 MP: 6/6
  1073 | D:1      | Learned a level 3 spell: Mephitic Cloud
  2132 | D:2      | Reached skill level 1 in Conjurations
  2132 | D:2      | Reached skill level 1 in Air Magic
  2335 | D:2      | Identified the +2 kite shield of Xonaecku {rN+ Slay+5}
  2446 | D:3      | Reached XP level 4. HP: 11/27 MP: 7/7
  2450 | D:3      | Killed from afar by an orc wizard

Illustrated notes

Levels and vault maps discovered:
D:1:      minmay_arrival_glassed_features, layout_loops_ring,
          hellmonk_ecumenical_altar_leap_of_faith
D:2:      minmay_wonky_spiral, layout_basic
D:3:      layout_basic, gup_sewer_entry_pipe, serial_shops,
          nicolae_shop_crystal, nicolae_lakefront_shop

Skill      XL: |  1  2  3 |
---------------+----------+-----
Poison Magic   | 4 |  4.3
Transmutations | 2 |  2.5
Conjurations   | 1 |  1.2
Air Magic      | 1 |  1.1
Dodging        | |  2.0
Stealth        | |  2.6
Spellcasting   | |  2.0

Action                   |  1- 3 |  4- 6 || total
-------------------------+-------+-------++-------
Melee: Dagger            |    74 |     2 ||    76
       Constrict         |    18 |       ||    18
       Tentacles         |     8 |     1 ||     9
       Punch             |     4 |       ||     4
 Cast: Sting             |     5 |     3 ||     8
       Poisonous Vapours |    12 |       ||    12
  Use: Potion            |     1 |       ||     1
       Scroll            |     3 |       ||     3
 Stab: Sleeping          |     9 |       ||     9
Armor: Skin              |     5 |       ||     5
Dodge: Dodged            |    53 |     3 ||    56
